 Seeded DCSS version 0.31-a0-229-g1fc7ce93e2 (webtiles) character file.

Game seed: 705649268257728946 (custom seed)

25 innerfire43 the Trooper (level 2, -4/36 HPs)
             Began as a Demonspawn Monk on July 6, 2023.
             Killed from afar by Terence (6 damage)
             ... with a puff of flame
             ... on level 2 of the Dungeon.
             The game lasted 00:02:04 (1222 turns).

innerfire43 the Trooper (Demonspawn Monk)           Turns: 1222, Time: 00:02:05

Health: -4/36      AC:  4    Str: 10    XL:     2   Next: 86%
Magic:  2/2        EV: 14    Int: 10    God:
Gold:   1190       SH:  0    Dex: 22    Spells: 1/1 levels left

rFire   . . .        a - +0 hand axe
rCold   . . .        d - orb {light}
rNeg    . . .        b - +0 robe
rPois   .            (no helmet)
rElec   .            (no cloak)
rCorr   .            m - +1 pair of gloves {Dex+3}
SInv    .            (no boots)
Will    .....        (no amulet) Stlth
                     (no ring)
HPRegen 0.26/turn    (no ring)
MPRegen 0.08/turn

%: no passive effects
@: berserking, glowing, very quick
A: claws 1, agile 1, high MP 1
a: no special abilities


You were on level 2 of the Dungeon.
You visited 1 branch of the dungeon, and saw 2 of its levels.

You collected 1190 gold pieces.

Inventory:

Hand Weapons
 a - a +0 hand axe (weapon)
Armour
 b - a +0 robe (worn)
 d - an orb of light (worn)
 m - a +1 pair of gloves of dexterity (worn)
Scrolls
 k - a scroll of fog
Potions
 c - 3 potions of ambrosia
 e - a potion of mutation
 h - a potion of resistance {unknown}


   Skills:
 + Level 3.3 Fighting
 * Level 3.2 Axes
 + Level 3.0 Dodging


You had one spell level left.
You didn't know any spells.
Your spell library was empty.

Dungeon Overview and Level Annotations

Branches:
Dungeon (2/15)

Altars:

Annotations:
D:2 Terence


Innate Abilities, Weirdness & Mutations

You have sharp fingernails.
You are agile. (Dex +4, Str/Int -1)
You have an increased reservoir of magic. (+10% MP)


Message History

a +0 short sword; 3 stones You hit the rat.
You kill the rat!
No target in view!
A rat is nearby!
The rat bites you.
You hit the rat.
You kill the rat!
No target in view!
Terence shouts!
No target in view!
Terence zaps a wand.
The puff of flame hits you! Terence barely misses you.
You hit Terence.
Terence is lightly wounded.
Terence zaps a wand.
The puff of flame hits you!
* * * LOW HITPOINT WARNING * * *
Unknown command.
You hit Terence.
Terence is moderately wounded.
Terence barely misses you.
It was a potion of mutation.
You feel extremely strange.
You feel agile.
You feel more energetic.
Terence bares his teeth.
Terence zaps a wand.
The puff of flame misses you.
It was a potion of berserk rage.
A red film seems to cover your vision as you go berserk!
You feel yourself moving faster!
You feel mighty! Terence barely misses you.
You hit Terence.
Terence is heavily wounded.
Terence hits you with a +0 mace!
* * * LOW HITPOINT WARNING * * *
You hit Terence but do no damage.
Terence is heavily wounded.
Terence barely misses you.
You are too berserk!
You slash Terence!
Terence is almost dead.
Terence zaps a wand.
The puff of flame hits you.
You die...

# ...
.....############
......@@........#
......###.#####.###
..... #.#.......#
.........#
#.#.###..##
.........#
#.#......#
#.......#
#.######.#
#......># #.# #.#
.....#.# #.# #.#
######. ...#.# #.#
#.#


You could see Terence.

Vanquished Creatures
  A dart slug (D:2)
  A worm (D:2)
  2 bats (D:1)
  An endoplasm (D:2)
  A goblin (D:1)
  5 hobgoblins
  A quokka (D:2)
  2 frilled lizards
  4 kobolds
  3 rats
21 creatures vanquished.

Notes
Turn   | Place    | Note
-------+----------+-------------------------------------------
     0 | D:1      | innerfire43 the Demonspawn Monk began the quest for the
                  | Orb.
     0 | D:1      | Reached XP level 1. HP: 18/18 MP: 1/1
   418 | D:1      | Gained mutation: You have sharp fingernails. [demonic
                  | ancestry]
   418 | D:1      | Reached XP level 2. HP: 24/24 MP: 2/2
   963 | D:2      | Identified a scroll of acquirement
   963 | D:2      | Acquired 1152 gold pieces
  1151 | D:2      | Noticed Terence
  1218 | D:2      | Gained mutation: You are agile. (Dex +4, Str/Int -1)
                  | [potion of mutation]
  1218 | D:2      | Gained mutation: You have an increased reservoir of magic.
                  | (+10% MP) [potion of mutation]
  1220 | D:2      | HP: 1/36 [Terence/+0 mace (8)]
  1222 | D:2      | Killed from afar by Terence

Illustrated notes

Levels and vault maps discovered:
D:1:      minmay_arrival_widening_spiral_narrow, layout_basic
D:2:      layout_basic, shapermc_ecumenical_altar_mp_highgroup, uniq_terence,
          uniq_sigmund

Skill      XL: |  1  2 |
---------------+-------+-----
Axes           | 3 |  3.2
Dodging        | 3 |  3.0
Fighting       | |  3.3

Action                     || total
---------------------------++-------
  Melee: Hand axe          ||    76
    Use: Scroll            ||     5
         Potion            ||     2
 Armour: Robe              ||    14
  Dodge: Dodged            ||    49

Table legend: (Time is in decaauts)
 A = Elapsed time spent in this place.
 B = Non-inter-level travel time spent in this place.
 C = Inter-level travel time spent in this place.
 D = Time resting spent in this place.
 E = Time spent auto-exploring this place.
 F = Levels seen in this place.
 G = Mean time per level.
                   A        B        C        D        E       F      G
               +--------+--------+--------+--------+--------+-----+--------+
         Total |   1233 |   1049 |    184 |      0 |    853 |   2 |  616.5 |
       Dungeon |   1233 |   1049 |    184 |      0 |    853 |   2 |  616.5 |
               +--------+--------+--------+--------+--------+-----+--------+

Top non-repeatable levels by time:
     D:1: 707 daAuts
     D:2: 525 daAuts
